 Dungeon Crawl Stone Soup version 0.31.0-9-g3a7656b989 (webtiles) character file.

Game seed: 3933149650629296602

130 qw the Skirmisher (level 4, -1/25 HPs)
             Began as a Deep Elf Hunter on Feb 2, 2024.
             Slain by a rat (3 damage)
             ... in a sewer.
             The game lasted 00:00:08 (1869 turns).

qw the Skirmisher (Deep Elf Hunter)                 Turns: 1869, Time: 00:00:09

Health: -1/25      AC:  8    Str: 10    XL:     4   Next: 89%
Magic:  6/6        EV: 11    Int: 14    God:
Gold:   102        SH:  0    Dex: 18    Spells: 3/3 levels left

rFire   . . .        a - +0 shortbow
rCold   . . .        (shield currently unavailable)
rNeg    . . .        f - +0 ring mail
rPois   .            g - +0 helmet
rElec   .            j - +0 cloak
rCorr   .            d - +0 pair of gloves
SInv    .            (no boots)
Will    .....        (no amulet)
Stlth   +            (no ring)
HPRegen 0.24/turn    (no ring)
MPRegen 0.10/turn

%: no passive effects
@: no status effects
A: no striking features
a: no special abilities


You were in a sewer.
You visited 1 branch of the dungeon, and saw 3 of its levels.
You also visited: Sewer.

You collected 102 gold pieces.


   Skills:
 - Level 1.5 Fighting
 + Level 8.0 Ranged Weapons
 - Level 1.0 Armour
 - Level 2.4 Dodging
 - Level 1.2 Stealth


You had 3 spell levels left.
You didn't know any spells.
Your spell library was empty.

Inventory:

Hand Weapons
 a - a +0 shortbow (weapon)
Armour
 d - a +0 pair of gloves (worn)
 f - a +0 ring mail (worn)
 g - a +0 helmet (worn)
 j - a +0 cloak (worn)
Potions
 b - a potion of curing
 e - a potion of haste
 h - 2 potions of enlightenment

Dungeon Overview and Level Annotations

Branches:
Dungeon (3/15)              Sewer (1/1)

Altars:

Annotations:
D:3 1 transporter


Message History

You kill the river rat!
The river rat barely misses you. The rat bites you but does no damage.
You shoot an arrow. The arrow hits the river rat.
The river rat is lightly wounded.
The river rat bites you but does no damage.
You shoot an arrow. The arrow hits the river rat.
The river rat is moderately wounded.
The river rat barely misses you. The rat bites you but does no damage.
The rat barely misses you.
The river rat bites you but does no damage.
You shoot an arrow.
The arrow hits the river rat but does no damage.
The river rat is lightly wounded.
The rat bites you but does no damage. The rat barely misses you.
The river rat bites you.
You shoot an arrow. The arrow barely misses the river rat.
The rat closely misses you. The rat bites you but does no damage.
The river rat bites you.
You shoot an arrow. The arrow hits the river rat.
The river rat is heavily wounded.
The rat barely misses you. x2
The river rat bites you but does no damage.
You shoot an arrow. The arrow hits the river rat.
The river rat is almost dead.
The rat barely misses you. x2; The river rat bites you.
You shoot an arrow.
The arrow hits the river rat but does no damage.
The river rat is almost dead.
The rat splashes around in the water.
The rat barely misses you. The river rat barely misses you.
You shoot an arrow. The arrow hits the river rat.
You kill the river rat!
The rat closely misses you.
The rat splashes around in the water.
The rat bites you but does no damage. The rat barely misses you.
Your Armour skill increases to level 1!
You shoot an arrow. The arrow closely misses the rat.
The rat bites you but does no damage. The rat closely misses you.
You shoot an arrow. The arrow closely misses the rat.
The rat bites you. x2
You die...

# .#
##################.#####
~..~~~~~~.~.~...@r...%.~
~.~.~~.~~~~~~.~.r%~~....
########################


You could see 2 rats.

Vanquished Creatures
  A gnoll (D:1)
  3 adders (D:2)
  2 river rats (Sewer)
  4 dart slugs
  A ribbon worm (D:3)
  5 endoplasms
  4 giant cockroaches
  7 goblins
  5 hobgoblins
  4 quokkas
  4 ball pythons
  2 bats
  8 frilled lizards
  7 kobolds
  12 rats
69 creatures vanquished.

Notes
Turn   | Place    | Note
-------+----------+-------------------------------------------
     0 | D:1      | qw the Deep Elf Hunter began the quest for the Orb.
     0 | D:1      | Reached XP level 1. HP: 12/12 MP: 3/3
     0 | D:1      | 0 ||| qw: Version: 0.3-a-155-g5e7d8dd
     0 | D:1      | 0 ||| qw: Game counter: 2509
     0 | D:1      | 0 ||| qw: Melee chars always use a shield: true
     0 | D:1      | 0 ||| qw: God list: Okawaru
     0 | D:1      | 0 ||| qw: Allow faded altars: false
     0 | D:1      | 0 ||| qw: Do Orc after clearing Dungeon:15 true
     0 | D:1      | 0 ||| qw: Do second Lair branch before Depths: true
     0 | D:1      | 0 ||| qw: Lair rune preference: random
     0 | D:1      | 0 ||| qw: Goals: Normal
     0 | D:1      | 0 ||| PLANNING D:1-11
   105 | D:1      | Reached XP level 2. HP: 16/16 MP: 4/4
   120 | D:1      | Reached skill level 6 in Ranged Weapons
   164 | D:1      | Found a faded altar of an unknown god.
   351 | D:1      | 351 ||| RETREEEEATING.
   357 | D:1      | Reached XP level 3. HP: 8/20 MP: 5/5
   360 | D:1      | HP: 5/20 [gnoll/+0 club (2)]
   576 | D:1      | Reached skill level 7 in Ranged Weapons
   722 | D:1      | 722 ||| UPGRADING to +0 pair of gloves.
   727 | D:1      | 727 ||| UPGRADING to +0 helmet.
   732 | D:1      | 732 ||| READING scroll labelled HUTERE REESOSTRAI.
   733 | D:1      | 733 ||| READING 2 scrolls labelled CARUCI JOHEA.
   733 | D:1      | 733 ||| IDENTIFYING metallic cyan potion
   734 | D:1      | 734 ||| READING scroll of identify.
   734 | D:1      | 734 ||| IDENTIFYING scroll labelled TITECO EKHLIXE
   735 | D:1      | 735 ||| READING scroll labelled RUYS LUESM.
   736 | D:1      | 736 ||| DROPPING scroll of butterflies.
   737 | D:1      | 737 ||| DROPPING scroll of fog.
   738 | D:1      | 738 ||| DROPPING potion of degeneration.
  1003 | D:2      | Reached XP level 4. HP: 25/25 MP: 6/6
  1376 | D:2      | 1376 ||| UPGRADING to +0 ring mail.
  1386 | D:2      | 1386 ||| DROPPING +0 leather armour.
  1387 | D:2      | 1387 ||| READING scroll of identify.
  1387 | D:2      | 1387 ||| IDENTIFYING black potion
  1402 | D:3      | 1402 ||| PLANNING SEWER
  1448 | D:3      | Found a transporter.
  1712 | D:3      | Reached skill level 8 in Ranged Weapons
  1740 | D:3      | Found a glowing drain.
  1765 | D:3      | 1765 ||| UPGRADING to +0 cloak.
  1770 | D:3      | 1770 ||| DROPPING +0 hat of stealth.
  1771 | D:3      | 1771 ||| READING 2 scrolls of identify.
  1771 | D:3      | 1771 ||| IDENTIFYING lumpy inky potion
  1772 | D:3      | 1772 ||| READING scroll of identify.
  1772 | D:3      | 1772 ||| IDENTIFYING 2 dark potions
  1773 | D:3      | 1773 ||| READING scroll labelled XOAROCR LEISA.
  1774 | D:3      | 1774 ||| READING scroll labelled LEOGGE DIWKORPH.
  1775 | D:3      | 1775 ||| READING scroll labelled SEIMNI EXA SAG.
  1815 | Sewer    | Entered a sewer
  1858 | Sewer    | HP: 6/25 [river rat (5)]
  1863 | Sewer    | HP: 3/25 [river rat (2)]
  1868 | Sewer    | Reached skill level 1 in Armour
  1869 | Sewer    | HP: 2/25 [rat (1)]
  1869 | Sewer    | Slain by a rat

Levels and vault maps discovered:
D:1:      mrwooster_arrival_statue_3, layout_loops_cross,
          hellmonk_ecumenical_altar_prayer_group,
          nicolae_kite_square_tiling_tiny, chequers_serial_rivers_marsh,
          minmay_tetromino_l4
D:2:      layout_basic
D:3:      gammafunk_wand_slinger, layout_rooms, gup_sewer_entry_bubbles,
          serial_shops, nicolae_lakefront_shop
Sewer:    sewer_co_cracked_pipes

Skill      XL: |  1  2  3  4 |
---------------+-------------+-----
Ranged Weapons | 6 7 8 |  8.0
Armour         | 1 |  1.0
Fighting       | |  1.5
Dodging        | |  2.4
Stealth        | |  1.2

Action                     |  1- 3 |  4- 6 || total
---------------------------+-------+-------++-------
   Fire: Shortbow          |   114 |    95 ||   209
    Use: Scroll            |     4 |     6 ||    10
 Armour: Leather armour    |    22 |     3 ||    25
         Ring mail         |       |    35 ||    35
  Dodge: Dodged            |    24 |    41 ||    65

Table legend:
 A = Non-vault XP
 B = Vault XP
 C = Vault XP percentage of total XP
 D = Non-vault monster count
 E = Vault monster count
 F = Vault count percentage of total count
                 A         B        C        D         E       F
            +---------+---------+-------+---------+---------+-------
      Total |     119 |      67 |  36.0 |      51 |      18 |  26.1
            +---------+---------+-------+---------+---------+-------
        D:1 |      41 |      23 |  35.9 |      25 |       6 |  19.4
        D:2 |      68 |       0 |   0.0 |      19 |       0 |   0.0
        D:3 |      10 |      14 |  58.3 |       7 |       7 |  50.0
      Sewer |       0 |      30 | 100.0 |       0 |       5 | 100.0
            +---------+---------+-------+---------+---------+-------
